AoeStats
← Chris77A

MegaRandom

503805509Analyzed
2v2 RM · 1mo ago on Sep 2, 2026· 36m 3s· 4 players
Game mode
Random Map
Map size
Medium (4 player)
Population
200
Speed
Normal
Resources
Standard
Victory
Conquest
Starting age
Dark Age
Ending age
Imperial Age
RankedLock teamsTeams togetherTeam positionsShared explorationLock speedFull tech treeHidden civsTurbo modeCheats
Victory
Defeat
🇩🇪 Gurjaras · Germany
1233
+15
🇫🇷 Persians · France
1210
+16
🇬🇧 Berbers · United Kingdom
1228
-16
🇬🇧 Byzantines · United Kingdom
1188
-14
Chris77A
0:49 Loom
10:22 Feudal Age
15:08 Castle Age
13:46 Wheelbarrow
13:01 Double-Bit Axe
12:58 Horse Collar
13:52 Fletching
16:25 Hand Cart
20:10 Bow Saw
21:40 Padded Archer Armor
23:09 Bodkin Arrow
23:22 Thumb Ring
23:21 Pikeman
25:09 Ballistics
25:27 Husbandry
25:56 Leather Archer Armor
31:10 Imperial Age
31:00 Squires
31:13 Forging
32:31 Conscription
36:07 Bracer
35:55 Elite Genitour
DrunkMonk
1:10 Loom
10:30 Feudal Age
10:59 Double-Bit Axe
11:39 Horse Collar
12:37 Wheelbarrow
13:14 Town Watch
14:06 Town Watch
17:13 Castle Age
18:24 Bloodlines
18:23 Scale Barding Armor
18:29 Forging
19:29 Thumb Ring
31:14 Fletching
36:42 Bow Saw
Rec
0:30 Loom
11:11 Feudal Age
12:32 Double-Bit Axe
15:10 Castle Age
14:13 Forging
17:07 Scale Barding Armor
25:23 Fletching
29:22 Imperial Age
28:46 Iron Casting
29:22 Bloodlines
29:43 Chain Barding Armor
29:53 Onager
30:10 Elite Shrivamsha Rider
31:34 Husbandry
32:11 Plate Barding Armor
Superbe Basile
0:36 Loom
9:21 Feudal Age
13:38 Castle Age
15:24 Bloodlines
15:33 Double-Bit Axe
16:22 Fletching
19:00 Wheelbarrow
19:11 Bodkin Arrow
20:41 Ballistics
20:18 Horse Collar
21:49 Padded Archer Armor
24:04 Leather Archer Armor
23:59 Husbandry
25:38 Parthian Tactics
26:51 Thumb Ring
28:30 Gold Mining
34:04 Imperial Age
33:59 Hand Cart
34:11 Bow Saw
34:12 Stone Mining
34:25 Heavy Plow
34:14 Town Watch
34:55 Conscription
35:16 Ring Archer Armor
36:15 Chemistry
35:50 Scale Barding Armor
36:29 Crop Rotation
Connection lost

Rejoining the realm…

Still unreachable

The connection could not be restored.

Session expired

The server has moved on; the page needs a fresh start.